 Dungeon Crawl Stone Soup version 0.27-a0-1200-g94dc6ad4cf (webtiles) character file.

Game seed: 7840132913216526215

71 flotson the Sneak (level 4, -1/35 HPs)
             Began as a Demonspawn Delver on May 31, 2021.
             Splashed by a jelly's acid (9 damage)
             ... on level 4 of the Dungeon.
             The game lasted 00:01:45 (1462 turns).

flotson the Sneak (Demonspawn Delver)               Turns: 1462, Time: 00:01:46

Health: -1/35      AC: -6    Str: 13    XL:     4   Next: 5%
Magic:  4/4        EV: 11    Int: 11    God:
Gold:   29         SH:  0    Dex: 15    Spells: 3/3 levels left

rFire    . . .     SeeInvis .   a - +0 hand axe
rCold    . . .     Faith    .   (no shield)
rNeg     . . .     Spirit   .   k - +0 ring mail
rPois    .         Reflect  .   (no helmet)
rElec    .         Harm     .   (no cloak)
rCorr    .         Rampage  .   (no gloves)
Will     .....                  (no boots)
Stlth    ++........             (no amulet)
HPRegen  0.11/turn              (no ring)
MPRegen  0.09/turn              (no ring)

@: corroded
A: talons 2
a: no special abilities


You were on level 4 of the Dungeon.
You visited 1 branch of the dungeon, and saw 5 of its levels.

You collected 29 gold pieces.

Inventory:

Hand Weapons
 a - a +0 hand axe (weapon)
Missiles
 n - 2 throwing nets (quivered)
Armour
 k - a +0 ring mail (worn)
Wands
 g - a wand of digging (3)
 i - a wand of iceblast (8)
Scrolls
 c - a scroll of fog
 d - a scroll of magic mapping
 e - a scroll of fear
 h - a scroll of enchant armour {unknown}
 l - a scroll of vulnerability {unknown}
Potions
 b - 2 potions of flight {unknown}
 f - 2 potions of haste
 j - a potion of invisibility {unknown}
 m - a potion of curing {unknown}
 o - a potion of cancellation {unknown}


   Skills:
 + Level 3.5 Fighting
 + Level 2.5 Axes
 + Level 1.4 Armour
 + Level 2.4 Dodging
 - Level 4.5 Stealth


You had 3 spell levels left.
You didn't know any spells.
Your spell library contained the following spells:

 Spells                   Type           Power      Damage    Failure   Level
 Animate Skeleton         Necr           0%         N/A       58%         1
 Magic Dart               Conj           0%         1d3       58%         1
 Pain                     Necr           0%         1d4       58%         1
 Blink                    Tloc           N/A        N/A       75%         2
 Call Imp                 Summ           0%         N/A       75%         2
 Slow                     Hex            0%         N/A       75%         2
 Conjure Flame            Conj/Fire      0%         6-21      92%         3
 Mephitic Cloud           Conj/Pois/Air  0%         N/A       92%         3
 Vampiric Draining        Necr           0%         2d6       92%         3
 Animate Dead             Necr           0%         N/A       100%        4
 Agony                    Necr           0%         N/A       100%        5


Dungeon Overview and Level Annotations

Branches:
Dungeon (5/15)
 Temple: D:4-7

Altars:


Innate Abilities, Weirdness & Mutations

You have razor-sharp toenails.


Message History

The centaur zombie hits you. The centaur zombie closely misses you.
The centaur zombie hits you but does no damage.
The centaur zombie kicks you but does no damage.
You hit the centaur zombie. You claw the centaur zombie.
The centaur zombie is almost destroyed.
The centaur zombie closely misses you. x2
You hit the centaur zombie.
You destroy the centaur zombie!
You have reached level 4!
You feel agile.
o - an emerald potion A jelly comes into view.
The helpless jelly fails to defend itself.
You hit the jelly.
Your hands burn!
The jelly is moderately wounded.
The jelly hits you but does no damage.
You hit the jelly. The acid corrodes you!
Your hands burn!
You claw the jelly.
The jelly is severely wounded.
The jelly closely misses you.
You hit the jelly.
Your hands burn!
The jelly is almost dead.
The jelly hits you but does no damage. The jelly hits you.
The acid corrodes you!
You are splashed with acid!
You are too injured to fight recklessly!
You are too injured to fight recklessly!
You are too injured to fight recklessly!
You are too injured to fight recklessly!
You are too injured to fight recklessly!
You are too injured to fight recklessly!
You hit the jelly.
Your hands burn!
The jelly is almost dead.
The jelly closely misses you.
You hit the jelly but do no damage.
Your hands burn!
* * * LOW HITPOINT WARNING * * *
You claw the jelly, but do no damage.
The jelly is almost dead.
The jelly hits you.
* * * LOW HITPOINT WARNING * * *
The acid corrodes you!
You are splashed with acid!
You die...

..###........###
.............#
...########..##
...# ##..## ...#
####...#### ..##
#.........#### ..#
#.............###
.##
.................#
.#
..........@......#
.#
...........J....##
##
#...............#
#
##.............##
# ###..........##
###.......##
###....#. ######..


You could see a jelly.

Vanquished Creatures
  A centaur zombie (D:4)
  An adder (D:4)
  An adder skeleton (D:4)
  2 dart slugs (D:1)
  An orc (D:3)
  2 bats (D:1)
  An endoplasm (D:2)
  A giant cockroach (D:3)
  3 hobgoblins
  2 jackals (D:1)
  A quokka (D:3)
  2 ball pythons (D:1)
  3 goblins
  2 kobolds
  A rat (D:1)
24 creatures vanquished.

Notes
Turn   | Place    | Note
-------+----------+-------------------------------------------
     0 | D:5      | flotson the Demonspawn Delver began the quest for the Orb.
     0 | D:5      | Reached XP level 1. HP: 18/18 MP: 1/1
     6 | D:5      | Noticed a black bear
   153 | D:3      | Gained mutation: You have sharp toenails. [demonic
                  | ancestry]
   153 | D:3      | Reached XP level 2. HP: 23/24 MP: 2/2
   989 | D:1      | Found a faded altar of an unknown god.
  1105 | D:1      | Reached skill level 1 in Armour
  1105 | D:1      | Gained mutation: You have razor-sharp toenails. [demonic
                  | ancestry]
  1105 | D:1      | Reached XP level 3. HP: 29/29 MP: 3/3
  1221 | D:2      | You fall into a shaft and drop 2 floors!
  1331 | D:4      | Reached XP level 4. HP: 22/35 MP: 4/4
  1462 | D:4      | Splashed by a jelly's acid

Illustrated notes

Levels and vault maps discovered:
D:1:      ncdulo_halloftheorcs, layout_loops_corners,
          hellmonk_ecumenical_altar_arch_garden
D:2:      wander_river, layout_basic
D:3:      layout_basic, serial_undead, serial_undead_b, serial_undead_f,
          serial_undead_c, serial_undead_b, guppyfry_early_orc_mine
D:4:      layout_cave_pods
D:5:      layout_loops_ring, minmay_temple_entry_trees, serial_bayou_lagoon_b

Skill      XL: |  1  2 |
---------------+-------+-----
Axes           | 2 |  2.5
Dodging        | 2 |  2.4
Armour         | 1 |  1.4
Fighting       | |  3.5
Stealth        | |  4.5

Action                   |  1- 3 |  4- 6 || total
-------------------------+-------+-------++-------
Melee: Hand axe          |    69 |     5 ||    74
       Kick              |    17 |     2 ||    19
 Stab: Sleeping          |     3 |     1 ||     4
Armor: Leather armour    |     7 |       ||     7
       Ring mail         |    20 |     2 ||    22
Dodge: Dodged            |    46 |     2 ||    48

Table legend: (Time is in decaauts)
 A = Elapsed time spent in this place.
 B = Non-inter-level travel time spent in this place.
 C = Inter-level travel time spent in this place.
 D = Time resting spent in this place.
 E = Time spent auto-exploring this place.
 F = Levels seen in this place.
 G = Mean time per level.
                   A        B        C        D        E       F      G
               +--------+--------+--------+--------+--------+-----+--------+
         Total |   1476 |   1461 |     15 |      0 |   1228 |   5 |  295.2 |
       Dungeon |   1476 |   1461 |     15 |      0 |   1228 |   5 |  295.2 |
               +--------+--------+--------+--------+--------+-----+--------+

Top non-repeatable levels by time:
     D:1: 962 daAuts
     D:4: 255 daAuts
     D:3: 158 daAuts
     D:2: 80 daAuts
     D:5: 20 daAuts
